 Dungeon Crawl Stone Soup version 0.32-a0-290-g598725c5f2 (webtiles) character file.

Game seed: 17956613810628188865

103300 Kenran the Warrior (level 15, -19/196 HPs)
             Began as a Mountain Dwarf Fighter on Feb 13, 2024.
             Was the Champion of Hepliaklqana.
             Demolished by a balrug
             ... wielding a +0 demon whip of electrocution
             ... summoned by Asterion
              (20 damage)
             ... on level 3 of the Lair of Beasts.
             The game lasted 00:50:14 (23202 turns).

Kenran the Warrior (Mountain Dwarf Fighter)        Turns: 23202, Time: 00:50:15

Health: -19/196    AC: 32    Str: 31    XL:     15   Next: 88%
Magic:  22/26      EV:  8    Int:  8    God:    Hepliaklqana [******]
Gold:   1188       SH:  6    Dex:  9    Spells: 13/14 levels left

rFire   + + .        a - +4 eveningstar (holy)
rCold   + . .        c - +0 buckler
rNeg    . . .        S - +6 plate armour {Will+}
rPois   +            b - +2 helmet {rF+}
rElec   .            U - scarf {rC+ rF+}
rCorr   .            o - +0 pair of gloves
SInv    .            x - +2 pair of boots
Will    +++..        v - amulet of regeneration Stlth
                     J - ring of Tacoqoa {Fly rPois Will+ Int-2}
HPRegen 1.32/turn    l - +6 ring of strength
MPRegen 0.20/turn

%: no passive effects
@: berserking, on fire, about to teleport, flying, glowing, very quick
A: reduced essence, runic magic, artefact enchanting
a: Renounce Religion, Recall Ancestor, Ancestor Identity, Transference, Idealise


You were on level 3 of the Lair of Beasts.
You worshipped Hepliaklqana.
Hepliaklqana was exalted by your worship.
You visited 5 branches of the dungeon, and saw 24 of its levels.
You also visited: Bailey.

You collected 2455 gold pieces.
You spent 1267 gold pieces at shops.

Inventory:

Hand Weapons
 a - a +4 eveningstar of holy wrath (weapon)
Missiles
 f - 2 darts of dispersal (quivered)
 s - 3 curare-tipped darts
 w - 9 throwing nets
Armour
 b - a +2 helmet of fire resistance (worn)
 c - a +0 buckler (worn)
 o - a +0 pair of gloves (worn)
 x - a +2 pair of boots (worn)
 S - a +6 plate armour of willpower (worn)
 U - a scarf of resistance (worn)
Jewellery
 i - a ring of protection from cold
 l - a +6 ring of strength (right hand)
 n - a ring of positive energy
 v - an amulet of regeneration (around neck)
 J - the ring of Tacoqoa (left hand) {Fly rPois Will+ Int-2}
   (You bought it in a shop on level 1 of the Dungeon)

   [ring of flight]

   Int-2:     It affects your intelligence (-2).
   rPois:     It protects you from poison Will+: It increases your willpower.
   Fly:       It grants you flight.
 M - a ring of resist corrosion
 O - a ring of fire
Wands
 k - a wand of flame (36)
 q - a wand of roots (18)
 B - a wand of mindburst (14)
 D - a wand of digging (2)
 F - a wand of charming (11)
Scrolls
 d - 2 scrolls of blinking
 j - 10 scrolls of immolation {!r}
 u - 6 scrolls of teleportation
 C - 2 scrolls of poison
 N - a scroll of butterflies
 P - 4 scrolls of revelation
 R - a scroll of silence
 T - a scroll of brand weapon
 V - a scroll of fog
Potions
 g - 3 potions of attraction {!q}
 h - 6 potions of curing {@q1}
 m - 2 potions of mutation {!q}
 p - 6 potions of enlightenment
 t - a potion of magic {unknown}
 z - a potion of degeneration {unknown}
 A - 2 potions of cancellation
 E - 3 potions of haste {unknown}
 G - 2 potions of lignification {unknown}
 H - a potion of resistance {unknown}
 I - 2 potions of heal wounds {unknown}
 K - 2 potions of ambrosia {unknown}
 L - a potion of might
Miscellaneous
 e - a lightning rod (4/4)
 y - a sack of spiders
 Q - a phantom mirror (inert)


   Skills:
 + Level 16.9 Fighting
 - Level 16.0 Maces & Flails
 - Level 16.0 Armour
 - Level 10.0 Shields
 - Level 15.0 Invocations
 - Level 6.0 Evocations


You had 13 spell levels left.
You knew the following spells:

 Your Spells              Type           Power      Damage    Failure   Level
a - Apportation           Tloc           0%         N/A       56%         1

Your spell library contained the following spells:

 Spells                   Type           Power      Damage    Failure   Level
 Magic Dart               Conj           0%         1d3       56%         1
 Necrotise                Necr           0%         1d4       56%         1
 Sandblast                Erth           0%         2d4       56%         1
 Shock                    Conj/Air       0%         1d3       56%         1
 Slow                     Hex            0%         N/A       56%         1
 Sting                    Conj/Alch      0%         1d3       56%         1
 Summon Small Mammal      Summ           0%         N/A       56%         1
 Jinxbite                 Hex            0%         N/A       71%         2
 Mercury Vapours          Alch/Air       0%         N/A       71%         2
 Searing Ray              Conj           0%         2d4       71%         2
 Call Canine Familiar     Summ           0%         N/A       91%         3
 Confusing Touch          Hex            0%         N/A       91%         3
 Frozen Ramparts          Ice            0%         1d1       91%         3
 Passwall                 Erth           0%         N/A       91%         3
 Sigil of Binding         Hex            0%         N/A       91%         3
 Stone Arrow              Conj/Erth      0%         3d7       91%         3
 Swiftness                Air            0%         N/A       91%         3
 Tukima's Dance           Hex            0%         N/A       91%         3
 Vampiric Draining        Necr           0%         2d6       91%         3
 Airstrike                Air            0%         2d(0-16)  100%        4
 Animate Armour           Summ/Erth      0%         N/A       100%        4
 Brom's Barrelling Bould  Conj/Erth      0%         2d3       100%        4
 Dimensional Bullseye     Hex/Tloc       0%         N/A       100%        4
 Fulminant Prism          Conj/Alch      0%         3d5       100%        4
 Iskenderun's Mystic Bla  Conj/Tloc      0%         2d3       100%        4
 Leda's Liquefaction      Alch/Erth      0%         N/A       100%        4
 Olgreb's Toxic Radiance  Alch           0%         N/A       100%        4
 Petrify                  Alch/Erth      0%         N/A       100%        4
 Summon Blazeheart Golem  Fire/Summ      0%         N/A       100%        4
 Alistair's Intoxication  Alch           0%         N/A       100%        5
 Lee's Rapid Deconstruct  Erth           0%         3d4*      100%        5
 Metabolic Englaciation   Hex/Ice        0%         N/A       100%        5
 Bombard                  Conj/Erth      0%         9d1       100%        6
 Malign Gateway           Summ/Tloc      0%         N/A       100%        7
 Orb of Destruction       Conj           0%         9d5       100%        7
 Spellforged Servitor     Conj/Summ      0%         N/A       100%        7
 Lehudib's Crystal Spear  Conj/Erth      0%         10d2      100%        8
 Summon Horrible Things   Summ           0%         N/A       100%        8


Dungeon Overview and Level Annotations

Branches:
Dungeon (15/15)            Temple (1/1) D:5            Lair (5/5) D:8
  Swamp (0/4) Lair:3        Snake (1/4) Lair:3        Slime (0/5) Lair:5
    Orc (2/2) D:12            Elf (0/3) Orc:2        Vaults (0/5) D:14
 Depths (0/4) D:15         Bailey (visited)

Altars:
Ashenzari
Cheibriados
Dithmenos
Elyvilon
Fedhas
Gozag
Hepliaklqana
Kikubaaqudgha
Makhleb
Nemelex Xobeh
Okawaru
Qazlal
Ru
Sif Muna
Trog
Uskayaw
Vehumet
Wu Jian
Xom
Yredelemnul
Zin
The Shining One
Ignis
Jiyva

Shops:
D:1 =   D:4 *   D:8 [   D:10 (   Orc:1 (   Orc:2 *(*=

Portals:
Pandemonium: Orc:2

Annotations:
D:2 exclusion: downstairs
D:9 exclusion: downstairs
Lair:3 Asterion


Innate Abilities, Weirdness & Mutations

Your life essence is reduced to manifest your ancestor. (-10% HP)
Your spellcasting is much less encumbered by armour.
You can use scrolls of enchantment on lesser artefacts.


Message History

The balrug hits you with a +0 demon whip of electrocution!
* * * LOW HITPOINT WARNING * * *
You are engulfed in flames.
You resist.
* * * LOW HITPOINT WARNING * * *
Asterion hits you but does no damage.
The +0 spectral morningstar hits you but does no damage.
Asterion gores you but does no damage. You block the balrug's attack.
A red film seems to cover your vision as you go berserk!
You feel yourself moving faster!
You feel mighty!
Asterion conjures a destructive force in the name of Makhleb!
The sticky flame hits you. You resist.
You are covered in intense liquid fire!
* * * LOW HITPOINT WARNING * * *
The +0 spectral morningstar disappears.
Asterion hits you with a +0 spectral morningstar!
* * * LOW HITPOINT WARNING * * *
The +0 spectral morningstar hits you!
* * * LOW HITPOINT WARNING * * *
You block Asterion's attack. The balrug gestures at you.
The pyre arrow hits you.
You are even more covered in intense liquid fire!
A +0 spectral morningstar comes into view.
You are on fire!
Asterion blocks your attack.
Asterion is severely wounded.
The liquid fire burns you!
* * * LOW HITPOINT WARNING * * *
A nearby plant withers and dies.
Asterion hits you with a +0 spectral morningstar!
* * * LOW HITPOINT WARNING * * *
You block the +0 spectral morningstar's attack.
Asterion gores you but does no damage.
You bludgeon Asterion!!
Asterion is almost dead.
The liquid fire burns you!
* * * LOW HITPOINT WARNING * * *
The balrug hits you with a +0 demon whip of electrocution!!
You die...
Hepliaklqana delivers you to your ancestors.

...~~≈≈≈~P≈#....###.......###....
........≈≈≈≈##............###....
..........##...............##....
.......##.##.~~~~~~.......###....
..≈....#..##.~~~~~~~.....####....
.~≈.........~~~~.~~~~....###.....
~≈.........~~~P~..~~~~~...##....#
≈..........~~.......~~....#....#.
........P..~~..2@...~~...####.#..
.~≈≈....##.~~..H(..P~~..## ###..
.≈......##.~~~.....~~~..## #....
.≈..........~÷~.~~~~~..#.#####...
≈......≈....~)~~~~~~.#.#.........
~......≈≈.....~~~~~..##?.........
.......≈...<..........#..........
..........÷≈≈≈...................
.............≈≈≈.................


You could see Asterion (fast), a balrug (summoned) and a +0 spectral
morningstar.

Vanquished Creatures
  Frances (Snake:1)
  Kirke (Lair:4)
  A stone giant (D:10)
  A quicksilver dragon zombie (D:15)
  Josephine (D:15)
  A fire dragon (D:15)
  Harold (D:11)
  4 hydras
  Erolcha (D:9)
  3 boulder beetles
  3 demonspawn (Orc:2)
  A catoblepas (Lair:3)
  A centaur warrior (D:12)
  5 two-headed ogres
  A vampire mage (D:15)
  8 death yaks (Lair:5)
  2 naga warriors (Snake:1)
  Urug (D:11)
  3 orc high priests (Orc:2)
  2 sun demons (Orc:2)
  A storm dragon zombie (D:15)
  A sixfirhy (Orc:2)
  A fire crab (Lair:4)
  3 mana vipers (Snake:1)
  A spark wasp zombie (D:15)
  2 skeletal warriors (D:15)
  An arcanist (D:15)
  A flayed ghost (D:10)
  8 orc knights
  A naga ritualist (Snake:1)
  A deep elf pyromancer (D:15)
  3 cyclopes (D:15)
  7 orc sorcerers
  A necromancer (D:15)
  A salamander (Snake:1)
  5 ugly things
  4 elephants (Lair:4)
  5 manticores
  A kobold blastminer (Orc:2)
  A guardian serpent (D:12)
  An ice statue (Lair:2)
  15 black mambas
  9 cane toads
  A gargoyle (D:11)
  An orange demon (Orc:2)
  2 naga magi (Snake:1)
  2 rime drakes
  2 efreet
  An ice devil (Orc:2)
  2 kobold demonologists (D:14)
  9 komodo dragons
  A freezing wraith (D:15)
  3 trolls
  A polar bear (shapeshifter) (D:15)
  A wind drake (D:15)
  A polar bear (Lair:4)
  A hornet (D:8)
  16 blink frogs
  Sigmund (D:3)
  10 fire elementals
  A shadow (D:10)
  39 yaks
  4 wraiths
  2 vampires
  9 wyverns
  6 basilisks
  4 hogs (Lair:4)
  2 wargs
  3 steam dragons
  8 vampire mosquitoes
  5 nagas (Snake:1)
  13 water moccasins
  4 acid dragons
  28 orc warriors
  4 sky beasts
  3 swamp drakes (Lair:5)
  2 black bears
  3 ice beasts
  2 laughing skulls (D:14)
  6 ogres
  4 boggarts (D:14)
  11 wolves
  6 centaurs
  A phantom (D:4)
  9 kobold brigands
  5 bullfrogs
  2 scorpions
  10 gnoll sergeants
  3 wights (D:7)
  3 killer bees (D:9)
  4 electric eels
  5 howler monkeys
  A bombardier beetle (D:6)
  4 hounds
  29 orc priests
  8 gnoll boudas
  4 sleepcaps
  Jessica (D:2)
  8 iguanas
  Ijyb (D:2)
  18 orc wizards
  24 gnolls
  6 adders
  A shadow imp (D:6)
  2 white imps
  3 dart slugs
  2 ribbon worms
  78 orcs
  7 bats
  6 endoplasms
  7 giant cockroaches
  6 goblins
  9 hobgoblins
  9 jackals
  2 quokkas (D:3)
  5 ball pythons
  2 frilled lizards (D:2)
  19 kobolds
  2 rats
646 creatures vanquished.

Vanquished Creatures (collateral kills)
  A nagaraja (Snake:1)
  An ice dragon (Lair:5)
  A hydra (Lair:5)
  An ogre mage (D:14)
  A death yak (Lair:5)
  A naga warrior (Snake:1)
  An orc high priest (Orc:2)
  Nergalle (Lair:3)
  A mana viper (Snake:1)
  A swamp dragon (Lair:5)
  A deep elf pyromancer (D:14)
  An ugly thing (D:12)
  An orc sorcerer (Orc:2)
  An elephant (Lair:4)
  3 black mambas
  A naga mage (Snake:1)
  2 cane toads
  5 komodo dragons
  5 blink frogs
  A wraith (D:15)
  A basilisk (Lair:5)
  A warg (Orc:2)
  2 fire elementals (Lair:2)
  9 yaks
  A naga (Lair:3)
  An acid dragon (D:12)
  3 water moccasins (Lair:3)
  6 orc warriors
  2 ogres
  2 centaurs (D:12)
  A kobold brigand (D:12)
  5 orc priests
  An iguana (Lair:5)
  2 orc wizards
  2 gnolls (D:12)
  12 orcs
82 creatures vanquished.

Vanquished Creatures (others)
  8 hexers
  2 ancestors
  70 foxfires
80 creatures vanquished.

Grand Total: 808 creatures vanquished

Notes
Turn   | Place    | Note
-------+----------+-------------------------------------------
     0 | D:1      | Kenran the Mountain Dwarf Fighter began the quest for the
                  | Orb.
     0 | D:1      | Reached XP level 1. HP: 19/19 MP: 1/1
    91 | D:1      | Reached XP level 2. HP: 26/26 MP: 2/2
   144 | D:1      | Found Voetekeh's Jewellery Emporium.
   311 | D:1      | Reached XP level 3. HP: 19/31 MP: 3/3
   819 | D:2      | Found a sparkling altar of Nemelex Xobeh.
   910 | D:2      | Noticed Jessica
   934 | D:2      | Killed Jessica
   935 | D:2      | Reached skill level 5 in Maces & Flails
   935 | D:2      | Reached XP level 4. HP: 38/38 MP: 4/4
  1441 | D:3      | Noticed Sigmund
  1569 | D:3      | Identified the staff of the Pillar {rPois Will+ Str+4 Conj
                  | Tloc}
  1589 | D:3      | Reached XP level 5. HP: 45/45 MP: 5/5
  1767 | D:3      | Noticed Ijyb
  1800 | D:2      | Killed Ijyb
  2072 | D:3      | Found a faded altar of an unknown god.
  2143 | D:3      | Prayed at the altar of an unknown god.
  2143 | D:3      | Became a worshipper of Ignis, the Dying Flame
  2298 | D:3      | Killed Sigmund
  2299 | D:3      | Reached XP level 6. HP: 47/51 MP: 6/6
  3105 | D:4      | Reached XP level 7. HP: 57/57 MP: 7/7
  3374 | D:4      | Found Beonlin's Fire Supplies.
  3382 | D:4      | Bought a +0 helmet of fire resistance for 126 gold pieces
  3556 | D:4      | Reached skill level 10 in Maces & Flails
  3707 | D:5      | Entered Level 5 of the Dungeon
  3846 | D:5      | Reached skill level 5 in Fighting
  3916 | D:5      | Found a staircase to the Ecumenical Temple.
  4074 | D:5      | Reached XP level 8. HP: 62/68 MP: 8/8
  4664 | D:6      | Found a shadowy altar of Dithmenos.
  4680 | D:6      | Reached skill level 5 in Armour
  4742 | D:6      | Found a snail-covered altar of Cheibriados.
  5274 | D:7      | Reached skill level 1 in Evocations
  5755 | D:7      | Reached XP level 9. HP: 69/70 MP: 9/9
  6464 | D:7      | Found an ancient bone altar of Kikubaaqudgha.
  6470 | D:7      | Found a radiant altar of Vehumet.
  6473 | D:7      | Found a hide-covered altar of Uskayaw.
  6718 | D:8      | Found Ossopp's Armour Shoppe.
  7077 | D:1      | Bought the ring of Tacoqoa {Fly rPois Will+ Int-2} for 301
                  | gold pieces
  7281 | D:8      | Noticed a komodo dragon
  7323 | D:7      | Killed a komodo dragon
  7337 | D:8      | Found a staircase to the Lair.
  7368 | D:8      | Found an iron altar of Okawaru.
  7771 | D:9      | Reached XP level 10. HP: 83/84 MP: 10/10
  7940 | D:9      | Found an ornate altar of the Wu Jian Council.
  7955 | D:9      | Noticed Erolcha
  7966 | D:9      | Killed Erolcha
  8043 | D:9      | Noticed a two-headed ogre
  8050 | D:9      | Killed a two-headed ogre
  8544 | D:10     | Entered Level 10 of the Dungeon
  8544 | D:10     | Found a flagged portal.
  8579 | Bailey   | Entered a bailey
  8843 | Bailey   | Reached skill level 10 in Armour
  8968 | Bailey   | Reached XP level 11. HP: 87/99 MP: 11/11
  8991 | Bailey   | Reached skill level 10 in Fighting
  9124 | D:10     | Found a glowing silver altar of Zin.
  9124 | D:10     | Found a sacrificial altar of Ru.
  9146 | D:10     | Learned a level 1 spell: Apportation
  9209 | D:10     | Found a glowing golden altar of the Shining One.
  9261 | D:10     | Noticed an orc knight
  9261 | D:10     | Noticed a stone giant
  9261 | D:10     | Noticed a flayed ghost
  9373 | D:10     | Killed a stone giant
  9543 | Temple   | Entered the Ecumenical Temple
  9579 | Temple   | Fell from the grace of Ignis
  9579 | Temple   | Became a worshipper of Hepliaklqana the Forgotten
  9854 | D:11     | Reached skill level 15 in Maces & Flails
 10035 | D:11     | Noticed a two-headed ogre
 10082 | D:10     | Killed a flayed ghost
 10099 | D:10     | Killed an orc knight
 10129 | D:10     | Found Amaigir's Weapon Shop.
 10149 | D:10     | Noticed a two-headed ogre
 10156 | D:10     | Killed a two-headed ogre
 10157 | D:10     | Reached skill level 1 in Invocations
 10272 | D:10     | Found a shimmering blue altar of Sif Muna.
 10352 | D:11     | Killed a two-headed ogre
 10442 | D:11     | Noticed Harold
 10485 | D:11     | Killed Harold
 10586 | D:11     | Reached skill level 5 in Invocations
 10771 | D:11     | You are sucked into a shaft and drop 3 floors!
 10786 | D:14     | Noticed a two-headed ogre
 10786 | D:14     | Noticed a two-headed ogre
 10799 | D:14     | Killed a two-headed ogre
 10803 | D:14     | Noticed an ogre mage
 10810 | D:14     | Killed an ogre mage
 10812 | D:14     | Killed a two-headed ogre
 10812 | D:14     | Noticed a deep elf pyromancer
 10813 | D:14     | Reached XP level 12. HP: 90/112 MP: 15/15
 10843 | D:14     | Found a gate to the Vaults.
 11044 | D:14     | Reached skill level 5 in Shields
 11227 | D:13     | You are sucked into a shaft and drop 2 floors!
 11227 | D:15     | Entered Level 15 of the Dungeon
 11559 | D:14     | Reached * piety under Hepliaklqana
 11581 | D:13     | You are sucked into a shaft and drop 2 floors!
 11707 | D:15     | Reached skill level 5 in Evocations
 11874 | D:12     | Noticed a boulder beetle
 11890 | D:13     | Killed a boulder beetle
 12019 | D:11     | Noticed Urug
 12031 | D:11     | Killed Urug
 12249 | Lair:1   | Entered Level 1 of the Lair of Beasts
 12519 | Lair:1   | Reached ** piety under Hepliaklqana
 12520 | Lair:1   | Remembered your ancestor Qouck as a hexer
 12922 | Lair:2   | Was forgiven by Ignis
 13070 | Lair:2   | Reached XP level 13. HP: 106/106 MP: 16/16
 13293 | Lair:2   | Identified the +3 great mace "Murmur" {vamp, ^Fragile rN++
                  | Str+2}
 13299 | Lair:2   | Identified the staff of the Evil Eye {rElec rF+ rC+ Ice}
 13371 | Lair:2   | Reached *** piety under Hepliaklqana
 13888 | D:8      | Bought a +4 plate armour of willpower for 500 gold pieces
 13995 | Lair:3   | Found a staircase to the Snake Pit.
 14292 | Lair:3   | Reached **** piety under Hepliaklqana
 14384 | Lair:3   | Found a staircase to the Swamp.
 14421 | Lair:3   | Noticed Nergalle
 14434 | Lair:3   | Reached skill level 10 in Invocations
 14442 | Lair:3   | Killed Nergalle
 15291 | Lair:4   | Reached ***** piety under Hepliaklqana
 15296 | Lair:4   | Noticed Kirke
 15317 | Lair:4   | Killed Kirke
 15318 | Lair:4   | Reached XP level 14. HP: 107/118 MP: 21/21
 15680 | Lair:4   | Identified the +4 dagger of Asotaq {flame, rPois rF+ Dex+2}
 15941 | Lair:5   | Entered Level 5 of the Lair of Beasts
 16391 | Lair:5   | Found a staircase to the Slime Pits.
 16663 | Lair:5   | Found a viscous altar of Jiyva.
 17571 | D:12     | Found a staircase to the Orcish Mines.
 18019 | D:13     | Reached skill level 15 in Fighting
 18107 | D:13     | Reached skill level 15 in Armour
 19667 | D:15     | Noticed Josephine
 19680 | D:15     | Killed Josephine
 19966 | D:15     | Reached XP level 15. HP: 126/126 MP: 24/24
 19968 | D:15     | Found a staircase to the Depths.
 20347 | Orc:1    | Entered Level 1 of the Orcish Mines
 20611 | Orc:1    | Reached ****** piety under Hepliaklqana
 20685 | Orc:1    | Found Fabbuec's Firing Range.
 21008 | Orc:2    | Entered Level 2 of the Orcish Mines
 21190 | Orc:2    | Found a staircase to the Elven Halls.
 21563 | Orc:2    | Found Ishrus's General Store.
 21567 | Orc:2    | Found Wil Ilug's General Store.
 21716 | Orc:2    | Reached skill level 10 in Shields
 21765 | Orc:2    | Bought a potion of cancellation for 104 gold pieces
 21765 | Orc:2    | Bought a potion of might for 52 gold pieces
 21765 | Orc:2    | Bought a wand of roots (4) for 124 gold pieces
 21767 | Orc:2    | Bought a potion of curing for 36 gold pieces
 21767 | Orc:2    | Bought a scroll of identify for 24 gold pieces
 21951 | Orc:2    | Found Egguy's Jewellery Boutique.
 21951 | Orc:2    | Found Zesahauck's Antique Weapon Shop.
 21951 | Orc:2    | Found a one-way gate leading to the halls of Pandemonium.
 22398 | Snake:1  | Entered Level 1 of the Snake Pit
 22538 | Snake:1  | Noticed a nagaraja
 22541 | Snake:1  | Noticed Frances
 22559 | Snake:1  | Killed a nagaraja
 22632 | Snake:1  | Killed Frances
 22758 | Snake:1  | Reached skill level 15 in Invocations
 23033 | Snake:1  | Identified the +5 kite shield "Tounurr" {Harm Int+4}
 23033 | Snake:1  | Noticed Asterion
 23201 | Lair:3   | HP: 3/196 [Asterion/+0 spectral morningstar (14)]
 23202 | Lair:3   | HP: 1/196 [burnt (2)]
 23202 | Lair:3   | Demolished by a balrug

Illustrated notes

Levels and vault maps discovered:
D:1:      tekkud_arrival_beachfront_property, layout_basic, serial_shops, shop,
          serial_bayou_pond_d, hangedman_abyss_or_decor_stabs
D:2:      layout_basic, basic_altar, minmay_goblin_outpost, uniq_jessica
D:3:      minmay_door_path, layout_basic, ebering_ecumenical_altar_box,
          chequers_serial_rivers_micro_e, minmay_gold_behind_fungi,
          due_unseen_surprise, uniq_ijyb, uniq_sigmund
D:4:      layout_cave_pools, nicolae_shop_fire_sale [nicolae_sub_dead_trees],
          minmay_misc_feat_tiny, hangedman_decor_push, st_stairs_10,
          hangedman_decor_lopped
D:5:      layout_basic, minmay_temple_entry_waves
D:6:      layout_gridville, mainiacjoe_overflow_boulevard, grunt_dithmenos_smoke
D:7:      layout_basic, minmay_overflow_temple_star_quad
D:8:      layout_basic, mainiacjoe_overflow_24_doors, david_lair_shrubbed,
          serial_shops, shop, minivault_1
D:9:      layout_roguey, mainiacjoe_overflow_alcove_4, special_room
          [special_room_orc], grunt_decor_mini_mirrors, nzn_life_drinkers,
          uniq_erolcha
D:10:     layout_rooms, general_overflow_altar, marbit_many_paths,
          jmf_multi_god_temple, enter_bailey_2, serial_shops,
          nicolae_shop_just_a_little_nook, corexii_leaking_fountain,
          minivault_25_ag
D:11:     layout_irregular_city, dreamdust_wishing_well, uniq_harold, uniq_urug
D:12:     layout_loops_ring, kennysheep_orc_monster_closet_entryway,
          nrook_guardian_serpent_double
D:13:     layout_roguey
D:14:     layout_grid_maze, david_vaults_2, dreamdust_princess_corridor
D:15:     gammafunk_depths_entry_grave, layout_stronghold, serial_park_avenue1,
          dreamdust_looks_like_rain, uniq_josephine
Temple:   minmay_temple_curvy_loop
Lair:1:   layout_long_grid, serial_bayou_pond_c, chequers_serial_rivers_micro_b,
          lemuel_fruit_tree
Lair:2:   statuecave_lemuel, layout_regular_city, dreamdust_deal_with_the_devil
Lair:3:   layout_hall_layers, swamp_mist_pool, guppyfry_snake_entry_island,
          serial_rivers, chequers_serial_rivers_micro_d,
          chequers_serial_rivers_micro_d, chequers_serial_rivers_small_a,
          chequers_serial_rivers_micro_b, chequers_serial_rivers_small_b,
          chequers_serial_rivers_small_b, st_stairs_5, uniq_nergalle
Lair:4:   layout_big_grid, infiniplex_staircase_pool, grunt_megastairs_2,
          uniq_kirke
Lair:5:   guppyfry_lair_end_dragon, layout_hall_layers, slime_entry_1,
          serial_bayou_lake_a
Snake:1:  layout_basic, serial_shops, shop, nicolae_snake_squiggles,
          uniq_asterion, uniq_frances
Orc:1:    layout_diamond_mine, serial_shops, nicolae_shop_firing_range
Orc:2:    pf_orc_diabolical, layout_diamond_mine

Skill      XL: |  1  2  3  4  5  6  7  8  9 10 11 12 13 14 15 |
---------------+----------------------------------------------+-----
Maces & Flails | 3 4 5 6 8 9 10 12 14 16 | 16.0
Fighting       | 5 6 9 12 14 15 16 | 16.9
Armour         | 4 6 7 10 13 14 15 16 | 16.0
Evocations     | 2 3 6 |  6.0
Invocations    | 5 10 12 15 | 15.0
Shields        | 6 9 10 | 10.0

Action                     |  1- 3 |  4- 6 |  7- 9 | 10-12 | 13-15 || total
---------------------------+-------+-------+-------+-------+-------++-------
  Melee: Flail             |    77 |   175 |   439 |   234 |       ||   925
         Eveningstar       |       |       |       |   414 |  1104 ||  1518
 Invoke: Foxfire Swarm     |       |     1 |       |     3 |       ||     4
         Fiery Armour      |       |       |     2 |     3 |       ||     5
         Recall Ancestor   |       |       |       |     1 |     5 ||     6
         Ancestor Life: He |       |       |       |     1 |       ||     1
         Idealise          |       |       |       |       |     1 ||     1
  Evoke: Wand              |       |       |     3 |    12 |     2 ||    17
         Sack of spiders   |       |       |       |     1 |       ||     1
         Phantom mirror    |       |       |       |       |     1 ||     1
    Use: Scroll            |       |     7 |     7 |     7 |    12 ||    33
         Potion            |       |     1 |     2 |     3 |     3 ||     9
   Stab: Distracted        |       |       |       |     1 |     9 ||    10
         Confused          |       |       |       |       |    15 ||    15
         Paralysed         |       |       |       |       |    26 ||    26
 Armour: Plate armour      |   124 |   173 |   302 |   620 |   914 ||  2133
  Dodge: Dodged            |    41 |    63 |    97 |   191 |   320 ||   712
  Block: Buckler           |    26 |    43 |    62 |   113 |   221 ||   465

Table legend: (Time is in decaauts)
 A = Elapsed time spent in this place.
 B = Non-inter-level travel time spent in this place.
 C = Inter-level travel time spent in this place.
 D = Time resting spent in this place.
 E = Time spent auto-exploring this place.
 F = Levels seen in this place.
 G = Mean time per level.
                   A        B        C        D        E       F      G
               +--------+--------+--------+--------+--------+-----+--------+
         Total |  22751 |  20068 |   2683 |   2425 |  11907 |  25 |  910.0 |
       Dungeon |  14870 |  12697 |   2173 |   1441 |   7794 |  15 |  991.3 |
        Temple |     71 |      1 |     70 |      0 |      0 |   1 |   71.0 |
          Lair |   4854 |   4470 |    384 |    386 |   3009 |   5 |  970.8 |
     Snake Pit |    662 |    662 |      0 |    156 |    141 |   1 |  662.0 |
  Orcish Mines |   1826 |   1772 |     54 |    391 |    860 |   2 |  913.0 |
        Bailey |    465 |    465 |      0 |     51 |    103 |   1 |  465.0 |
               +--------+--------+--------+--------+--------+-----+--------+

Top non-repeatable levels by time:
     D:7: 1586 daAuts
     D:3: 1418 daAuts
    D:15: 1185 daAuts
   Orc:2: 1163 daAuts
    D:14: 1145 daAuts
  Lair:5: 1064 daAuts
     D:8: 1032 daAuts
  Lair:3: 1020 daAuts
    D:11: 1015 daAuts
  Lair:4: 1012 daAuts
  Lair:2: 1012 daAuts
     D:9: 1010 daAuts
     D:5: 936 daAuts
     D:2: 878 daAuts
     D:1: 865 daAuts
